 Dungeon Crawl Stone Soup version 0.30-a0-1053-gbd8d5ba0ad (webtiles) character file.

Game seed: 16352623701184698825

67 jimonade the Magician (level 4, -7/32 HPs)
             Began as a Gnoll Hedge Wizard on Apr 11, 2023.
             Mangled by an iguana (12 damage)
             ... on level 3 of the Dungeon.
             The game lasted 00:07:00 (2467 turns).

jimonade the Magician (Gnoll Hedge Wizard)          Turns: 2467, Time: 00:07:01

Health: -7/32      AC:  3    Str: 11    XL:     4   Next: 16%
Magic:  8/13       EV: 13    Int: 13    God:
Gold:   100        SH:  0    Dex: 12    Spells: 12/17 levels left

rFire   . . .      SeeInvis .    p - +0 quarterstaff
rCold   . . .      Faith    .    (shield currently unavailable)
rNeg    . . .      Spirit   .    b - +0 robe
rPois   .          Reflect  .    c - +0 hat
rElec   .          Rampage  .    r - +0 cloak
rCorr   .                        (no gloves)
Will    .....                    (no boots)
Stlth   ++                       h - amulet of magic regeneration
HPRegen 0.25/turn                (no ring)
MPRegen 0.53/turn                (no ring)

@: very slightly contaminated
A: fangs 1, strong nose, distributed training
a: no special abilities


You were on level 3 of the Dungeon.
You visited 1 branch of the dungeon, and saw 3 of its levels.

You collected 100 gold pieces.

Inventory:

Hand Weapons
 a - a +0 dagger
 p - a +0 quarterstaff (weapon)
 s - a +0 sling
Missiles
 t - 30 stones
Armour
 b - a +0 robe (worn)
 c - a +0 hat (worn)
 m - a +0 leather armour
 q - a +0 chain mail
 r - a +0 cloak (worn)
Jewellery
 h - an amulet of magic regeneration (around neck)
Scrolls
 e - a scroll of silence {unknown}
 g - a scroll of butterflies {unknown}
 i - 5 scrolls of identify {unknown}
 j - a scroll of immolation {unknown}
 n - a scroll of fog {unknown}
 o - 2 scrolls of teleportation {unknown}
Potions
 d - a potion of magic
 f - a potion of attraction {unknown}
 k - 3 potions of curing {unknown}
 l - a potion of ambrosia {unknown}


   Skills:
 + Level 1.1 Fighting
 + Level 1.1 Short Blades
 + Level 1.1 Long Blades
 + Level 1.1 Axes
 + Level 1.1 Maces & Flails
 + Level 1.1 Polearms
 + Level 1.1 Staves
 + Level 1.1 Ranged Weapons
 + Level 1.1 Throwing
 + Level 1.1 Armour
 + Level 4.6 Dodging
 + Level 4.2 Stealth
 + Level 1.1 Shields
 + Level 1.1 Unarmed Combat
 + Level 7.2 Spellcasting
 + Level 2.2 Conjurations
 + Level 0.8 Hexes
 + Level 2.2 Summonings
 + Level 0.8 Necromancy
 + Level 2.2 Translocations
 + Level 0.8 Transmutations
 + Level 0.8 Fire Magic
 + Level 0.8 Ice Magic
 + Level 0.8 Air Magic
 + Level 0.8 Earth Magic
 + Level 0.8 Poison Magic
 + Level 1.2 Invocations
 + Level 1.1 Evocations


You had 12 spell levels left.
You knew the following spells:

 Your Spells              Type           Power      Damage    Failure   Level
a - Magic Dart            Conj           40%        1d5       6%          1
b - Blink                 Tloc           20%        N/A       9%          2
c - Call Imp              Summ           20%        N/A       9%          2

Your spell library contained the following spells:

 Spells                   Type           Power      Damage    Failure   Level
 Slow                     Hex            24%        N/A       11%         1
 Cigotuvi's Dreadful Rot  Necr/Pois/Air  12%        N/A       16%         2
 Ensorcelled Hibernation  Hex/Ice        12%        N/A       16%         2
 Passwall                 Tmut/Erth      5%         N/A       16%         2
 Mephitic Cloud           Conj/Pois/Air  8%         N/A       26%         3
 Swiftness                Air            6%         N/A       30%         3


Dungeon Overview and Level Annotations

Branches:
Dungeon (3/15)

Altars:

Shops:
D:2 ?

Annotations:
D:2 1 runed translucent door, exclusion: door, Crazy Yiuf, Sigmund
D:3 Grinder, Ijyb


Innate Abilities, Weirdness & Mutations

You have very sharp teeth.
Your uncanny sense of smell can sniff out nearby items.
Your experience applies equally to all skills.


Message History

The endoplasm freezes you.
You are frozen.
Aiming: Magic Dart (safe; 6% risk of failure)
Press: ? - help, Q - select action, (/) - cycle Shift-Dir - straight line, f - endoplasm
Aim: an endoplasm (100% to hit)
The magic dart hits the endoplasm.
The endoplasm is severely wounded.
The iguana bites you. The endoplasm closely misses you.
Aiming: Magic Dart (safe; 6% risk of failure)
Press: ? - help, Q - select action, (/) - cycle Shift-Dir - straight line, f/p - endoplasm
Aim: an endoplasm (severely wounded, 100% to hit)
The magic dart hits the endoplasm.
You kill the endoplasm!
The iguana bites you!
* * * LOW HITPOINT WARNING * * *
Aiming: Magic Dart (safe; 6% risk of failure)
Press: ? - help, Q - select action, (/) - cycle Shift-Dir - straight line, f - iguana
Aim: an iguana (100% to hit)
The magic dart hits the iguana.
The iguana is lightly wounded.
The iguana barely misses you.
Okay, then.
Unknown command.
Casting: Magic Dart (safe; 6% risk of failure)
Confirm with . or Enter, or press ? or * to list all spells.
A tiny devil pulls itself out of the air.
The iguana misses you.
Aiming: Magic Dart (safe; 6% risk of failure)
Press: ? - help, Q - select action, (/) - cycle Shift-Dir - straight line, f/p - iguana
Aim: an iguana (lightly wounded, ally target, 100% to hit)
The magic dart hits the iguana but does no damage.
The iguana is lightly wounded.
The iguana misses you.
Aiming: Magic Dart (safe; 6% risk of failure)
Press: ? - help, Q - select action, (/) - cycle Shift-Dir - straight line, f/p - iguana
Aim: an iguana (lightly wounded, ally target, 100% to hit)
The magic dart hits the iguana.
The iguana is moderately wounded.
The iguana bites you!
You die...

## .. .#
.########.# .
..........##...
......5........
#..@..# #.l.$.#
#...§..#
....=...#
§§§≈≈≈§§..#
..§§≈≈####...#
.≈≈§## ##..#
≈≈≈≈ ≈..


You could see an iguana (ally target) and a friendly cerulean imp (summoned).

Vanquished Creatures
  An adder (D:2)
  6 endoplasms
  A giant cockroach (D:1)
  5 goblins
  7 hobgoblins
  2 jackals (D:2)
  6 kobolds
  2 quokkas (D:1)
  A ball python (D:2)
  3 bats (D:1)
  3 rats
37 creatures vanquished.

Vanquished Creatures (collateral kills)
  A giant cockroach (D:1)
  2 hobgoblins (D:1)
  A jackal (D:2)
  2 quokkas (D:2)
  A ball python (D:2)
  2 bats
  2 kobolds
  A rat (D:2)
12 creatures vanquished.

Vanquished Creatures (others)
  A plant (D:3)
1 creature vanquished.

Grand Total: 50 creatures vanquished

Notes
Turn   | Place    | Note
-------+----------+-------------------------------------------
     0 | D:1      | jimonade the Gnoll Hedge Wizard began the quest for the
                  | Orb.
     0 | D:1      | Reached XP level 1. HP: 13/13 MP: 8/8
   237 | D:1      | Reached XP level 2. HP: 19/19 MP: 6/10
   274 | D:1      | Learned a level 2 spell: Blink
   288 | D:1      | Learned a level 2 spell: Call Imp
   479 | D:1      | You fall into a shaft and drop 1 floor!
   531 | D:2      | Found Ihah's Magic Scroll Shop.
   689 | D:2      | Reached XP level 3. HP: 25/25 MP: 9/11
   801 | D:2      | Reached skill level 1 in Invocations
   852 | D:2      | Noticed Sigmund
  1136 | D:1      | Reached skill level 1 in Fighting
  1136 | D:1      | Reached skill level 1 in Short Blades
  1136 | D:1      | Reached skill level 1 in Long Blades
  1136 | D:1      | Reached skill level 1 in Axes
  1136 | D:1      | Reached skill level 1 in Maces & Flails
  1136 | D:1      | Reached skill level 1 in Polearms
  1136 | D:1      | Reached skill level 1 in Staves
  1136 | D:1      | Reached skill level 1 in Ranged Weapons
  1136 | D:1      | Reached skill level 1 in Throwing
  1136 | D:1      | Reached skill level 1 in Armour
  1136 | D:1      | Reached skill level 1 in Shields
  1136 | D:1      | Reached skill level 1 in Unarmed Combat
  1136 | D:1      | Reached skill level 1 in Evocations
  2162 | D:2      | Reached XP level 4. HP: 32/32 MP: 11/13
  2171 | D:2      | Found a runed translucent door.
  2172 | D:2      | Noticed Crazy Yiuf
  2321 | D:3      | Noticed Grinder
  2327 | D:3      | Noticed Ijyb
  2467 | D:3      | Mangled by an iguana

Illustrated notes

Levels and vault maps discovered:
D:1:      elethiomel_arrival_quiet, layout_basic, minmay_strange_pillars
D:2:      layout_loops_ring, serial_shops, nicolae_shop_statue_plus,
          minmay_goblin_kobold_house, uniq_sigmund, uniq_crazy_yiuf_cottage
D:3:      layout_basic, lemuel_round_altar, nicolae_ru_path_of_blood,
          nrook_loot_triangle, st_stairs_7, chequers_big_river,
          minmay_misc_feat_doors, kennysheep_path_1, grunt_decor_junction,
          roderic_serpentine_path, uniq_terence, uniq_grinder, uniq_ijyb

Skill      XL: |  1  2  3 |
---------------+----------+-----
Conjurations   | 2 |  2.2
Summonings     | 2 |  2.2
Translocations | 2 |  2.2
Invocations    | 1 |  1.2
Fighting       | 1 |  1.1
Short Blades   | 1 |  1.1
Long Blades    | 1 |  1.1
Axes           | 1 |  1.1
Maces & Flails | 1 |  1.1
Polearms       | 1 |  1.1
Staves         | 1 |  1.1
Ranged Weapons | 1 |  1.1
Throwing       | 1 |  1.1
Armour         | 1 |  1.1
Shields        | 1 |  1.1
Unarmed Combat | 1 |  1.1
Evocations     | 1 |  1.1
Dodging        | |  4.6
Stealth        | |  4.2
Spellcasting   | |  7.2
Hexes          | |  0.8
Necromancy     | |  0.8
Transmutations | |  0.8
Fire Magic     | |  0.8
Ice Magic      | |  0.8
Air Magic      | |  0.8
Earth Magic    | |  0.8
Poison Magic   | |  0.8

Action                     |  1- 3 |  4- 6 || total
---------------------------+-------+-------++-------
  Melee: Dagger            |    32 |       ||    32
         Bite              |     4 |       ||     4
         Quarterstaff      |       |     2 ||     2
   Cast: Magic Dart        |    82 |    23 ||   105
         Call Imp          |    15 |     5 ||    20
   Stab: Sleeping          |       |     1 ||     1
 Armour: Robe              |     8 |     1 ||     9
  Dodge: Dodged            |    39 |    19 ||    58

Table legend: (Time is in decaauts)
 A = Elapsed time spent in this place.
 B = Non-inter-level travel time spent in this place.
 C = Inter-level travel time spent in this place.
 D = Time resting spent in this place.
 E = Time spent auto-exploring this place.
 F = Levels seen in this place.
 G = Mean time per level.
                   A        B        C        D        E       F      G
               +--------+--------+--------+--------+--------+-----+--------+
         Total |   2466 |   2268 |    198 |    377 |   1181 |   3 |  822.0 |
       Dungeon |   2466 |   2268 |    198 |    377 |   1181 |   3 |  822.0 |
               +--------+--------+--------+--------+--------+-----+--------+

Top non-repeatable levels by time:
     D:1: 1427 daAuts
     D:2: 1012 daAuts
     D:3: 26 daAuts
